 Dungeon Crawl Stone Soup version 0.26-a0-43-g20b394cb32 (webtiles) character file.

Game seed: 14609298810650300444

3938 MarredHen the Destroyer (level 10, -6/60 HPs)
             Began as a Kobold Conjurer on June 2, 2020.
             Was a Priest of Elyvilon.
             Mangled by Joseph
             ... wielding a +0 quarterstaff
              (14 damage)
             ... on level 9 of the Dungeon.
             The game lasted 00:53:48 (11393 turns).

MarredHen the Destroyer (Kobold Conjurer)          Turns: 11393, Time: 00:53:48

Health: -6/60      AC:  9    Str:  6    XL:     10   Next: 44%
Magic:  0/19       EV: 24    Int: 29    God:    Elyvilon [***...]
Gold:   318        SH:  0    Dex: 16    Spells: 12/21 levels left

rFire    . . .     SeeInvis .   H - +6 flail of Judgement {holy, rC+ Int+4}
rCold    + . .     Gourm    .   (shield restricted)
rNeg     . . .     Faith    .   a - +0 robe
rPois    .         Spirit   .   B - +2 helmet
rElec    .         Reflect  .   q - +2 cloak
rCorr    .         Harm     .   e - +0 pair of gloves
MR       .....                  (no boots)
Stlth    ++++......             v - amulet of magic regeneration (curse)
HPRegen  0.20/turn              k - +4 ring of evasion
MPRegen  0.41/turn              w - +6 ring of intelligence

@: about to teleport
A: small, carnivore
a: Lesser Healing, Heal Other, Purification, Divine Protection, Renounce
Religion


You were on level 9 of the Dungeon.
You worshipped Elyvilon.
Elyvilon was most pleased with you.
You were not hungry.

You visited 2 branches of the dungeon, and saw 10 of its levels.

You collected 318 gold pieces.

Inventory:

Hand Weapons
 g - a +2 dagger of electrocution
 H - the +6 flail of Judgement (weapon) {holy, rC+ Int+4}
   (You took it off an orc warrior on level 8 of the Dungeon)

   It has been blessed by the Shining One to cause great damage to the undead
   and demons.
   It affects your intelligence (+4).
   It protects you from cold.
Armour
 a - a +0 robe (worn)
 e - a +0 pair of gloves (worn)
 q - a +2 cloak (worn)
 r - the +2 leather armour of Servitude {+Blink rN+ Dex-4}
   (You found it on level 5 of the Dungeon)

   It affects your dexterity (-4).
   It protects you from negative energy.
   It lets you blink.
 B - a +2 helmet (worn)
Jewellery
 k - a +4 ring of evasion (left hand)
 s - a cursed amulet of inaccuracy {unknown}
 v - a cursed amulet of magic regeneration (around neck)
 w - a +6 ring of intelligence (right hand)
 D - an uncursed ring of see invisible {unknown}
 E - an uncursed ring of poison resistance {unknown}
 G - an uncursed ring of flight
Wands
 n - a wand of paralysis (3)
 y - a wand of enslavement (6)
Scrolls
 d - 2 scrolls of amnesia
 x - 4 scrolls of remove curse
Potions
 c - 2 potions of heal wounds {unknown}
 f - a potion of berserk rage
 h - a potion of curing
 i - 3 potions of might {unknown}
 j - 5 potions of brilliance {unknown}
 m - a potion of ambrosia {unknown}
 o - 2 potions of resistance {unknown}
 p - 4 potions of lignification {unknown}
 t - a potion of mutation {unknown}
 u - a potion of magic {unknown}
 z - 2 potions of cancellation {unknown}
 F - a potion of stabbing {unknown}
Comestibles
 A - 4 rations


   Skills:
 + Level 6.2 Fighting
 + Level 7.4 Dodging
 + Level 8.7 Stealth
 + Level 6.2 Spellcasting
 * Level 9.4 Conjurations


You had 12 spell levels left.
You knew the following spells:

 Your Spells              Type           Power        Failure   Level  Hunger
a - Magic Dart            Conj           ####         1%          1    None
b - Searing Ray           Conj           ######       1%          2    None
c - Dazzling Flash        Conj/Hex       #####.       2%          3    None
d - Mephitic Cloud        Conj/Pois/Air  ####....     4%          3    None

Your spell library contained the following spells:

 Spells                   Type           Power        Failure   Level  Hunger
 Sting                    Tmut/Pois      #...         5%          1    None
 Fulminant Prism          Conj/Hex       #####.....   8%          4    ###....
 Iskenderun's Mystic Bla  Conj/Tloc      #####...     8%          4    ###....
 Poisonous Vapours        Pois/Air       #.....       9%          2    None
 Ignite Poison            Fire/Tmut/Pois #.......     17%         3    None
 Olgreb's Toxic Radiance  Pois           #.......     50%         4    ###....


Dungeon Overview and Level Annotations

Branches:
Dungeon (9/15)             Temple (1/1) D:4
   Lair: D:8-11         Orc: D:9-12

Altars:
Ashenzari
Cheibriados
Dithmenos
Elyvilon
Fedhas
Gozag
Hepliaklqana
Makhleb
Nemelex Xobeh
Okawaru
Qazlal
Ru
Sif Muna
Trog
Uskayaw
Xom
Yredelemnul
The Shining One
Lugonu

Annotations:
D:9 Joseph


Innate Abilities, Weirdness & Mutations

You are small and have problems with some larger weapons.
You are carnivorous and can eat meat at any time.


Message History

Aiming: Searing Ray (safe; 1% risk of failure)
Press: ? - help, Shift-Dir - straight line, f/p - Joseph
Aim: Joseph, wielding a +0 quarterstaff, wearing a +0 leather armour and quivering 8 sling bullets (severely wounded)
The searing ray hits Joseph.
Joseph is severely wounded. (Press . to maintain the ray.)
The orc warrior hits you with a +0 short sword.
Joseph hits you with a +0 quarterstaff!!
* * * LOW HITPOINT WARNING * * *
Okay, then.
You feel better. The orc warrior closely misses you.
Joseph hits you with a +0 quarterstaff! Elyvilon protects you from harm!
As you read the scroll of teleportation, it crumbles to dust.
You feel strangely unstable. The orc warrior completely misses you.
Joseph hits you with a +0 quarterstaff.
* * * LOW HITPOINT WARNING * * *
You are healed.
You feel somewhat more hungry. The orc warrior closely misses you.
Joseph hits you with a +0 quarterstaff!
You die...

≈≈≈≈≈≈.#........#.#
..≈≈≈≈...........#.#
.≈≈≈≈≈.....:.....#.#
..≈≈.≈(..........#.#
.≈..............#.#
≈....⌠......#####.#
.##........# #.#
#######....#### #.#
......)@o### #.#
.######@## #.#
#)....... #.####
#........ #....#
#........ ####.#
#........ #..#.#
#.##....@ #....# ...
####. ##.### ... #.#


You could see Joseph and an orc warrior.

Vanquished Creatures
  Grinder (D:6)
  Sigmund (D:2)
  A spriggan (D:7)
  A warg (D:9)
  Duvessa (D:4)
  3 orc warriors
  2 sky beasts (D:7)
  A black bear (D:8)
  4 ice beasts
  4 ogres
  An eye of draining (D:9)
  A centaur (D:8)
  A big kobold (D:8)
  A gnoll sergeant (D:8)
  Dowan (D:4)
  4 scorpions
  An electric eel (D:8)
  4 wights (D:7)
  A crimson imp (D:8)
  5 hounds
  6 orc priests
  5 orc wizards
  2 bullfrog skeletons
  2 centaur skeletons
  2 iguanas
  Ijyb (D:5)
  3 worker ants
  A hound zombie (D:7)
  A mummy (D:6)
  A howler monkey zombie (D:7)
  12 adders
  10 gnolls
  2 shadow imps
  3 adder skeletons
  5 worms
  4 dart slugs
  12 leopard geckos
  23 orcs
  3 ball pythons
  8 bats
  4 giant cockroaches
  13 goblins
  10 hobgoblins
  9 jackals
  5 quokkas
  3 frilled lizards
  11 kobolds
  A quokka skeleton (D:7)
  8 rats
  A butterfly (D:2)
210 creatures vanquished.

Notes
Turn   | Place    | Note
-------+----------+-------------------------------------------
     0 | D:1      | MarredHen the Kobold Conjurer began the quest for the Orb.
     0 | D:1      | Reached XP level 1. HP: 10/10 MP: 3/3
   122 | D:1      | Reached XP level 2. HP: 12/16 MP: 0/5
   655 | D:1      | Reached XP level 3. HP: 20/20 MP: 4/6
  1254 | D:1      | Reached skill level 1 in Fighting
  1542 | D:2      | Found a shimmering altar of Xom.
  1552 | D:2      | Noticed Sigmund
  1583 | D:2      | Reached XP level 4. HP: 25/25 MP: 1/7
  2350 | D:3      | Reached XP level 5. HP: 24/29 MP: 1/9
  2771 | D:3      | Reached skill level 5 in Conjurations
  3231 | D:3      | Found a glowing golden altar of the Shining One.
  3666 | D:4      | Reached XP level 6. HP: 35/35 MP: 4/10
  3807 | D:4      | Noticed an ogre
  3889 | D:4      | Found a hazy altar of Hepliaklqana.
  3889 | D:4      | Found a glowing golden altar of the Shining One.
  3890 | D:4      | Noticed Duvessa
  3890 | D:4      | Noticed Dowan
  4040 | D:4      | Found a staircase to the Ecumenical Temple.
  4051 | Temple   | Entered the Ecumenical Temple
  4303 | Temple   | Became a worshipper of Elyvilon the Healer
  4326 | Temple   | Learned a level 2 spell: Searing Ray
  4330 | Temple   | Learned a level 3 spell: Dazzling Flash
  4418 | D:4      | Killed an ogre
  4659 | D:4      | Reached XP level 7. HP: 34/40 MP: 2/12
  4807 | D:4      | Killed Duvessa
  4813 | D:4      | Killed Dowan
  4813 | D:4      | Reached skill level 5 in Stealth
  4813 | D:4      | Reached skill level 6 in Conjurations
  5056 | D:5      | Entered Level 5 of the Dungeon
  5257 | D:2      | Killed Sigmund
  5257 | D:2      | Reached XP level 8. HP: 22/46 MP: 13/13
  5892 | D:5      | Got a faintly humming leather armour
  5989 | D:5      | Identified the +2 leather armour of Servitude {+Blink rN+
                  | Dex-4} (You found it on level 5 of the Dungeon)
  6247 | D:5      | Reached * piety under Elyvilon
  6275 | D:5      | Noticed Ijyb
  6287 | D:5      | Paralysed by Ijyb for 2 turns
  6292 | D:5      | Killed Ijyb
  6392 | D:5      | Found an iron altar of Okawaru.
  6773 | D:6      | Found a shimmering blue altar of Sif Muna.
  6840 | D:6      | Noticed Grinder
  6857 | D:6      | Killed Grinder
  6857 | D:6      | Reached skill level 5 in Dodging
  6857 | D:6      | Reached skill level 7 in Conjurations
  7104 | D:6      | Found a bloodstained altar of Trog.
  7196 | D:6      | Found a stormy altar of Qazlal.
  7996 | D:6      | Found a snail-covered altar of Cheibriados.
  8345 | D:7      | Reached ** piety under Elyvilon
  8360 | D:7      | Reached XP level 9. HP: 52/52 MP: 12/16
  8707 | D:7      | Found a sacrificial altar of Ru.
  8813 | D:7      | Reached skill level 5 in Spellcasting
  9036 | D:7      | Reached skill level 8 in Conjurations
  9045 | D:7      | Reached skill level 5 in Fighting
 10184 | D:8      | Learned a level 3 spell: Mephitic Cloud
 10290 | D:8      | Reached *** piety under Elyvilon
 10388 | D:8      | Reached XP level 10. HP: 59/59 MP: 13/18
 10405 | D:8      | Found a bloodstained altar of Trog.
 10478 | D:8      | Identified the +6 flail of Judgement {holy, rC+ Int+4}
 10494 | D:8      | Reached skill level 9 in Conjurations
 11364 | D:9      | Noticed Joseph
 11390 | D:9      | HP: 1/60 [Joseph/+0 quarterstaff (19)]
 11391 | D:9      | Elyvilon protects you from harm!
 11393 | D:9      | Mangled by Joseph

Illustrated notes

Levels and vault maps discovered:
D:1:      lemuel_arrival_cross, layout_basic
D:2:      layout_basic, xom_butterflies, uniq_sigmund
D:3:      layout_loops_ring, first_ration, fountainhead, lemuel_altar_in_water
D:4:      layout_loops_ring, grunt_temple_overflow_open,
          minmay_temple_entry_fiery, uniq_duvessa
D:5:      layout_loops_ring, okawaru_trees_2, uniq_ijyb
D:6:      layout_basic, slow_altar_1, overflow_temple_1_default,
          grunt_qazlal_sundering, lemuel_doored_altar, sigmund_army,
          uniq_grinder
D:7:      layout_basic, nicolae_ru_sacrificial_ziggurat, the_bakery
D:8:      statuecave_lemuel, layout_basic, trog_three_pillars_becter
D:9:      kennysheep_big_flooded_room, layout_basic, marbit_many_paths,
          kiku_gazebo_pond_becter, gammafunk_temple_overflow_elements,
          erik_lair_orcish_takeover, introduction_to_nature_1, uniq_joseph
Temple:   kb_corrupted_temple

Skill      XL: |  1  2  3  4  5  6  7  8  9 10 |
---------------+-------------------------------+-----
Stealth        | 3 4 5 6 7 8 |  8.7
Fighting       | 1 2 3 4 5 6 |  6.2
Dodging        | 3 4 5 6 7 |  7.4
Conjurations   | 5 6 7 8 9 |  9.4
Spellcasting   | 3 4 5 6 |  6.2

Action                   |  1- 3 |  4- 6 |  7- 9 | 10-12 || total
-------------------------+-------+-------+-------+-------++-------
Melee: Unarmed           |    13 |       |       |       ||    13
       Dagger            |       |    54 |    50 |    11 ||   115
       Flail             |       |       |       |    25 ||    25
 Cast: Magic Dart        |    60 |   169 |   260 |    56 ||   545
       Searing Ray       |       |       |    19 |    16 ||    35
       Dazzling Flash    |       |       |     1 |       ||     1
Invok: Lesser Healing    |       |       |     4 |     1 ||     5
  Use: Scroll            |       |     5 |     8 |     3 ||    16
       Potion            |       |       |     5 |     1 ||     6
 Stab: Sleeping          |       |       |       |     1 ||     1
  Eat: Chunk             |     1 |     7 |     5 |     5 ||    18
       Ration            |     1 |     1 |     8 |       ||    10
Armor: Robe              |     3 |    10 |    23 |    11 ||    47
Dodge: Dodged            |    17 |    51 |   116 |    89 ||   273

Table legend:
 A = Non-vault XP
 B = Vault XP
 C = Vault XP percentage of total XP
 D = Non-vault monster count
 E = Vault monster count
 F = Vault count percentage of total count
                 A         B        C        D         E       F
            +---------+---------+-------+---------+---------+-------
      Total |    4295 |    1332 |  23.7 |     193 |      16 |   7.7
            +---------+---------+-------+---------+---------+-------
        D:1 |      50 |       0 |   0.0 |      28 |       0 |   0.0
        D:2 |      84 |     223 |  72.6 |      24 |       1 |   4.0
        D:3 |     125 |       0 |   0.0 |      28 |       0 |   0.0
        D:4 |     289 |     228 |  44.1 |      17 |       2 |  10.5
        D:5 |     312 |      36 |  10.3 |      10 |       1 |   9.1
        D:6 |     283 |     342 |  54.7 |      18 |       5 |  21.7
        D:7 |    1240 |     205 |  14.2 |      30 |       1 |   3.2
        D:8 |    1735 |       0 |   0.0 |      35 |       0 |   0.0
        D:9 |     177 |     298 |  62.7 |       3 |       6 |  66.7
            +---------+---------+-------+---------+---------+-------
